 Dungeon Crawl Stone Soup version 0.28.0 (webtiles) character file.

Game seed: 14592909197789983176

5502 Dirian the Fighter (level 10, -8/94 HPs)
             Began as a Minotaur Fighter on Feb 8, 2022.
             Was a Priest of Makhleb.
             Mangled by a centaur warrior (11 damage)
             ... on level 9 of the Dungeon.
             The game lasted 00:20:20 (9761 turns).

Dirian the Fighter (Minotaur Fighter)               Turns: 9761, Time: 00:20:20

Health: -8/94      AC: 11    Str: 23    XL:     10   Next: 42%
Magic:  14/14      EV:  9    Int: 11    God:    Makhleb [***...]
Gold:   490        SH:  5    Dex:  8    Spells: 9/9 levels left

rFire   + . .      SeeInvis .   m - +6 war axe of the Enchanted Forest {venom, Fly rF+ rN+++ Dex-4}
rCold   + . .      Faith    .   c - +1 buckler
rNeg    + + +      Spirit   .   j - +0 chain mail
rPois   .          Reflect  .   (helmet restricted)
rElec   .          Harm     .   r - +0 cloak
rCorr   .          Rampage  .   (no gloves)
Will    +....                   (no boots)
Stlth   ..........              B - amulet of the acrobat
HPRegen 0.25/turn               g - ring of Sexkoigo {rC+ Will+}
MPRegen 0.14/turn               C - +6 ring of intelligence

@: flying, studying Summonings
A: horns 2, retaliatory headbutt
a: Renounce Religion, Minor Destruction, Lesser Servant of Makhleb


You were on level 9 of the Dungeon.
You worshipped Makhleb.
Makhleb was most pleased with you.
You visited 2 branches of the dungeon, and saw 10 of its levels.
You also visited: Ossuary.

You collected 490 gold pieces.

Inventory:

Hand Weapons
 a - a +0 war axe
 m - the +6 war axe of the Enchanted Forest (weapon) {venom, Fly rF+ rN+++ Dex-4}
   (You found it on level 3 of the Dungeon)

   It poisons the flesh of those it strikes.
   Dex:       It affects your dexterity (-4).
   rF:        It protects you from fire.
   rN:        It renders you almost immune to negative energy.
   Fly:       It grants you flight.
 q - the +8 hand axe of Wiutedad {antimagic, rC+ Int+3}
   (You found it on level 4 of the Dungeon)

   It reduces the magical energy of the wielder, and disrupts the spells and
   magical abilities of those it strikes.
   Natural abilities and divine invocations are not affected.
   Int:       It affects your intelligence (+3).
   rC:        It protects you from cold.
Missiles
 f - 3 throwing nets (quivered)
Armour
 c - a +1 buckler (worn)
 j - a +0 chain mail (worn)
 r - a +0 cloak (worn)
 I - a +0 plate armour
Jewellery
 g - the ring of Sexkoigo (left hand) {rC+ Will+}
   (You acquired it on level 5 of the Dungeon)

   [ring of protection from cold]

   rC:        It protects you from cold.
   Will:      It increases your willpower.
 B - an amulet of the acrobat (around neck)
 C - a +6 ring of intelligence (right hand)
Wands
 b - a wand of polymorph (3)
 o - a wand of mindburst (9)
 p - a wand of paralysis (7)
 s - a wand of iceblast (20)
 v - a wand of digging (8)
 y - a wand of flame (20)
 H - a wand of charming (6)
Scrolls
 e - 3 scrolls of fog
 i - a scroll of holy word
 l - a scroll of enchant armour
 t - 2 scrolls of teleportation
 A - a scroll of amnesia
 F - a scroll of magic mapping {unknown}
 G - a scroll of enchant weapon {unknown}
Potions
 d - 2 potions of might
 h - 3 potions of haste
 k - 2 potions of brilliance
 n - 3 potions of mutation
 u - 2 potions of resistance {unknown}
 w - a potion of berserk rage {unknown}
 x - 3 potions of attraction
 z - a potion of lignification {unknown}
 D - a potion of cancellation {unknown}
 E - 6 potions of curing {unknown}
 J - a potion of ambrosia {unknown}


   Skills:
 + Level 10.7 Fighting
 + Level 10.2 Axes
 + Level 7.1 Armour
 - Level 5.0 Dodging
 - Level 5.0 Shields
 * Level 6.8 Invocations


You had 9 spell levels left.
You didn't know any spells.
Your spell library contained the following spells:

 Spells                   Type           Power      Damage    Failure   Level
 Foxfire                  Conj/Fire      0%         2x1d4     96%         1
 Shock                    Conj/Air       0%         1d3       96%         1
 Conjure Flame            Conj/Fire      0%         6-21      100%        3
 Gell's Gravitas          Tloc           0%         N/A       100%        3
 Inner Flame              Hex/Fire       0%         N/A       100%        3
 Lesser Beckoning         Tloc           0%         N/A       100%        3
 Summon Guardian Golem    Hex/Summ       0%         N/A       100%        3
 Swiftness                Air            0%         N/A       100%        3
 Teleport Other           Tloc           0%         N/A       100%        3
 Airstrike                Air            0%         N/A       100%        4
 Flame Wave               Conj/Fire      0%         2d4       100%        4
 Fulminant Prism          Conj/Hex       0%         3d6       100%        4
 Iskenderun's Mystic Bla  Conj/Tloc      0%         2d3       100%        4
 Lee's Rapid Deconstruct  Erth           0%         3d5*      100%        5
 Orb of Destruction       Conj           0%         9d5       100%        7
 Spellforged Servitor     Conj/Summ      0%         N/A       100%        7


Dungeon Overview and Level Annotations

Branches:
Dungeon (9/15)             Temple (1/1) D:4         Ossuary (visited)
   Lair: D:8-11         Orc: D:9-12

Altars:
Ashenzari
Cheibriados
Dithmenos
Elyvilon
Fedhas
Gozag
Hepliaklqana
Kikubaaqudgha
Makhleb
Nemelex Xobeh
Okawaru
Qazlal
Sif Muna
Uskayaw
Vehumet
Wu Jian
Xom
Yredelemnul
Zin
The Shining One

Annotations:
D:8 2 transporters, braks's ghost, novice OgFE


Innate Abilities, Weirdness & Mutations

You have a pair of horns on your head.
You reflexively headbutt those who attack you in melee.


Message History

The centaur warrior kicks you.
You slash the centaur warrior!
The centaur warrior is severely wounded.
You block the centaur warrior's attack. The centaur warrior kicks you.
* * * LOW HITPOINT WARNING * * *
You closely miss the centaur warrior.
Your headbutt misses the centaur warrior.
The centaur warrior is heavily wounded.
The centaur warrior hits you.
* * * LOW HITPOINT WARNING * * *
The centaur warrior kicks you but does no damage.
The centaur warrior hits you but does no damage.
The centaur warrior kicks you but does no damage.
You barely miss the centaur warrior.
You headbutt the centaur warrior, but do no damage.
The centaur warrior is heavily wounded.
The centaur warrior hits you.
* * * LOW HITPOINT WARNING * * *
You block the centaur warrior's attack.
You closely miss the centaur warrior.
The centaur warrior is heavily wounded.
The centaur warrior hits you.
* * * LOW HITPOINT WARNING * * *
The centaur warrior kicks you but does no damage.
The centaur warrior hits you!
* * * LOW HITPOINT WARNING * * *
The centaur warrior kicks you but does no damage.
Okay, then.
Aiming: Paralyse
Press: ? - help, Shift-Dir - straight line, f - centaur warrior
Aim: a centaur warrior, quivering arrows (heavily wounded, chance to affect: 31%)
Okay, then.
Aiming: Charm
Press: ? - help, Shift-Dir - straight line, f - centaur warrior
Aim: a centaur warrior, quivering arrows (heavily wounded, chance to affect: 31%)
Okay, then.
You barely miss the centaur warrior.
The centaur warrior is heavily wounded.
The centaur warrior hits you!
You die...

... #.# . #.#
.. #.# ...
#.# ....
#.####..#
######..#...#
#...<.c)).#
#.....#@###
#.....#.##
#.....#))#
#.....##.#
#.!..c##.#
###.......
#####....
##..#. ......


You could see a centaur warrior.

Vanquished Creatures
  A boulder beetle (D:8)
  Pikel (D:4)
  Prince Ribbit (D:6)
  A wyvern (D:8)
  A steam dragon (D:8)
  Edmund (D:4)
  4 water moccasins
  2 black bears (D:4)
  A hornet zombie (D:8)
  A sky beast (D:7)
  An ogre (D:6)
  2 necrophages
  A lemure (D:4)
  2 centaurs
  5 kobold brigands
  3 bullfrogs
  5 scorpions
  A gnoll sergeant (D:8)
  2 water moccasin zombies (Ossuary)
  A wyvern skeleton (D:5)
  4 killer bees (D:9)
  7 wights
  4 howler monkeys
  3 centaur zombies
  3 jellies
  Crazy Yiuf (D:7)
  2 hounds
  2 orc priests
  2 gnoll shamans
  2 centaur skeletons (D:5)
  5 iguanas
  3 orc wizards
  2 mummies (Ossuary)
  17 gnolls
  5 adders
  A howler monkey skeleton (D:7)
  2 shadow imps
  2 adder zombies (Ossuary)
  An adder skeleton (D:5)
  9 orcs
  5 endoplasms
  5 giant cockroaches
  3 goblins
  7 hobgoblins
  2 jackals (D:1)
  3 quokkas
  4 ball pythons
  6 bats
  5 frilled lizards
  2 gnoll zombies (Ossuary)
  2 hobgoblin zombies (Ossuary)
  18 kobolds
  9 kobold zombies (Ossuary)
  2 orc zombies (Ossuary)
  7 rats
194 creatures vanquished.

Vanquished Creatures (others)
  An orc wizard (D:8)
  A kobold (D:8)
  9 plants
11 creatures vanquished.

Grand Total: 205 creatures vanquished

Notes
Turn   | Place    | Note
-------+----------+-------------------------------------------
     0 | D:1      | Dirian the Minotaur Fighter began the quest for the Orb.
     0 | D:1      | Reached XP level 1. HP: 19/19 MP: 0/0
   371 | D:1      | Reached XP level 2. HP: 27/27 MP: 1/1
   742 | D:1      | Reached skill level 1 in Dodging
  1425 | D:2      | Reached XP level 3. HP: 33/33 MP: 2/2
  2532 | D:3      | Reached XP level 4. HP: 40/40 MP: 3/3
  2880 | D:3      | Identified the +6 war axe of the Enchanted Forest {venom,
                  | Fly rF+ rN+++ Dex-4}
  3304 | D:4      | Found a blossoming altar of Fedhas.
  3357 | D:4      | Identified the +8 hand axe of Wiutedad {antimagic, rC+
                  | Int+3}
  3553 | D:4      | Noticed a lemure
  3553 | D:4      | Noticed a lemure
  3554 | D:4      | Noticed Pikel
  3554 | D:4      | Noticed a lemure
  3555 | D:4      | Noticed a lemure
  3560 | D:4      | Killed a lemure
  3560 | D:4      | Paralysed by Pikel for 7 turns
  3571 | D:4      | Killed Pikel
  3572 | D:4      | Reached skill level 5 in Fighting
  3572 | D:4      | Reached skill level 5 in Armour
  3572 | D:4      | Reached skill level 5 in Shields
  3572 | D:4      | Reached XP level 5. HP: 29/48 MP: 4/4
  3572 | D:4      | Reached XP level 6. HP: 34/56 MP: 5/5
  3572 | D:4      | Reached XP level 7. HP: 37/61 MP: 6/6
  3776 | D:4      | Noticed Edmund
  3784 | D:4      | Killed Edmund
  3785 | D:4      | Reached skill level 5 in Axes
  3999 | D:4      | Found a shadowy altar of Dithmenos.
  4001 | D:4      | Found a broken altar of Ashenzari.
  4038 | D:4      | Reached skill level 5 in Dodging
  4178 | D:4      | Found a staircase to the Ecumenical Temple.
  4463 | Temple   | Entered the Ecumenical Temple
  4690 | Temple   | Became a worshipper of Makhleb the Destroyer
  4790 | D:5      | Entered Level 5 of the Dungeon
  4792 | D:5      | Found a hazy altar of Hepliaklqana.
  4950 | D:5      | Reached XP level 8. HP: 38/73 MP: 7/7
  5304 | D:5      | Found a sand-covered staircase.
  5309 | Ossuary  | Entered an ossuary
  5404 | Ossuary  | Reached * piety under Makhleb
  5785 | D:5      | You are sucked into a shaft and drop 2 floors!
  6263 | D:5      | Identified a scroll of acquirement
  6263 | D:5      | Acquired the ring of Sexkoigo {rC+ Will+}
  6328 | D:6      | Noticed Prince Ribbit
  6334 | D:6      | Reached skill level 1 in Invocations
  6336 | D:6      | Reached XP level 9. HP: 76/83 MP: 8/8
  6354 | D:6      | Killed Prince Ribbit
  6728 | D:6      | Reached ** piety under Makhleb
  7748 | D:7      | Reached skill level 10 in Fighting
  8183 | D:7      | Found a runed translucent door.
  8184 | D:7      | Noticed Crazy Yiuf
  8250 | D:7      | Killed Crazy Yiuf
  8251 | D:7      | Reached skill level 5 in Invocations
  8485 | D:8      | Reached XP level 10. HP: 38/93 MP: 13/13
  8960 | D:8      | Noticed a boulder beetle
  8977 | D:8      | Killed a boulder beetle
  8978 | D:8      | Reached skill level 10 in Axes
  9029 | D:8      | Reached *** piety under Makhleb
  9257 | D:8      | Noticed a six-headed hydra
  9262 | D:8      | Noticed braks's ghost (novice OgFE)
  9263 | D:8      | Noticed a moth of wrath
  9268 | D:8      | Found a transporter.
  9306 | D:8      | Found a transporter.
  9560 | D:9      | Noticed a centaur warrior
  9760 | D:9      | HP: 3/94 [centaur warrior (8)]
  9761 | D:9      | Mangled by a centaur warrior

Illustrated notes

Levels and vault maps discovered:
D:1:      dpeg_arrival_subterranean_lakeside_camping, layout_basic,
          serial_co_window_serial, co_window_of_opportunity_a,
          co_window_paths_a, co_window_paths_a, co_window_corner_a,
          co_window_of_opportunity_a, co_window_broadway_c, co_window_corner_b,
          co_window_unsneaky_path_a, co_window_corner_b, co_window_sun,
          co_window_paths_d, glass_columns_c, glass_columns_a, glass_columns_a,
          minmay_distorted
D:2:      layout_basic, minmay_strange_pillars
D:3:      layout_basic
D:4:      layout_layer_cave, mainiacjoe_overflow_alcove_4, jmf_multi_god_temple,
          minmay_temple_entry_enclosed_plants, kennysheep_generic_room_13,
          uniq_pikel, uniq_edmund
D:5:      layout_layer_cave, nicolae_hepliaklqana_hazy_memory, enter_ossuary_2
D:6:      layout_loops_cross, hex_medium, minivault_10,
          amcnicky_mini_corridor_feature, minivault_24, uniq_prince_ribbit1
D:7:      layout_gridville, uniq_crazy_yiuf_cottage
D:8:      layout_rooms, gammafunk_ghost_berserking_beasts,
          grunt_decor_one_mirror, serial_bayou_pond_c, minmay_manual_mullet
D:9:      layout_rooms
Temple:   eino_temple_scatter_basement

Skill      XL: |  1  2  3  4  5  6  7  8  9 10 |
---------------+-------------------------------+-----
Dodging        | 1 4 5 |  5.0
Fighting       | 4 5 7 9 10 | 10.7
Shields        | 4 5 |  5.0
Armour         | 4 5 6 7 |  7.1
Axes           | 3 4 6 8 9 10 | 10.2
Invocations    | 1 5 6 |  6.8

Action                   |  1- 3 |  4- 6 |  7- 9 | 10-12 || total
-------------------------+-------+-------+-------+-------++-------
Melee: War axe           |   104 |    19 |   226 |    67 ||   416
       Headbutt          |    11 |     3 |    42 |    16 ||    72
  Use: Potion            |       |     1 |       |       ||     1
       Scroll            |       |       |    13 |       ||    13
Armor: Scale mail        |    50 |     5 |       |       ||    55
       Chain mail        |       |       |   103 |    42 ||   145
Dodge: Dodged            |    55 |     6 |   106 |    41 ||   208
Block: Buckler           |    17 |     1 |    57 |    34 ||   109
